 Dungeon Crawl Stone Soup version 0.21.0-30-g47ce8e4 (webtiles) character file.

4093 Miyamura the Carver (level 10, 0/81 HPs)
             Began as a Minotaur Wanderer on Jan 29, 2018.
             Was an Initiate of Hepliaklqana.
             Slain by a wolf spider (4 damage)
             ... on level 8 of the Dungeon.
             The game lasted 00:18:54 (9966 turns).

Miyamura the Carver (Minotaur Wanderer)             Turns: 9966, Time: 00:18:55

Health: 0/81       AC: 13    Str: 16    XL:     10   Next: 5%
Magic:  9/9        EV: 10    Int: 10    God:    Hepliaklqana [......]
Gold:   330        SH:  0    Dex: 13    Spells: 9/9 levels left

rFire    + . .     SeeInvis .   a - +3 falchion
rCold    + . .     Gourm    .   (no shield)
rNeg     . . .     Faith    .   v - +0 chain mail
rPois    .         Spirit   .   (helmet restricted)
rElec    .         Reflect  .   F - +1 cloak
rCorr    .         Harm     .   (no gloves)
MR       .....                  (no boots)
Stlth    ..........             (no amulet)
HPRegen  0.23/turn              y - ring of protection from fire
MPRegen  0.11/turn              C - ring of protection from cold

@: very slightly contaminated, drained
A: retaliatory headbutt, reduced essence, horns 2
a: Recall Ancestor, Ancestor Identity, Renounce Religion


You were on level 8 of the Dungeon.
You worshipped Hepliaklqana.
Hepliaklqana was noncommittal.
You were hungry.

You visited 1 branch of the dungeon, and saw 8 of its levels.
You also visited: Sewer.

You collected 330 gold pieces.

Inventory:

Hand Weapons
 a - a +3 falchion (weapon)
 s - a +0 blowgun
 z - a +4 quarterstaff of chaos
Missiles
 c - a throwing net
 e - 158 stones (quivered)
 h - 5 curare-tipped needles
 i - 102 arrows
 k - 6 javelins
 q - 5 poisoned needles
 u - 5 needles of sleeping
 D - 9 tomahawks
 G - 35 bolts
Armour
 v - a +0 chain mail (worn)
 F - a +1 cloak (worn)
Magical Staves
 E - an uncursed staff of poison
Jewellery
 y - a ring of protection from fire (left hand)
 C - a ring of protection from cold (right hand)
 H - a +3 ring of dexterity {unknown}
Wands
 n - a wand of digging (14)
 A - a wand of paralysis (10)
 I - a wand of random effects (22)
Scrolls
 f - 2 scrolls of remove curse {unknown}
 j - 3 scrolls of amnesia
 m - 4 scrolls of fog
 p - 2 scrolls of identify
 t - 2 scrolls of random uselessness
 J - a scroll of enchant weapon
Potions
 g - 2 potions of flight
Books
 l - a book of Cantrips

   Spells                             Type                      Level
   a - Confusing Touch                Hexes                        1
   b - Animate Skeleton               Necromancy                   1
   c - Summon Small Mammal            Summoning                    1
   d - Apportation                    Translocation                1
Comestibles
 d - 13 rations


   Skills:
 + Level 9.0(8.2) Fighting
 + Level 9.1(8.3) Long Blades
   Level 1.2(0.6) Axes
 - Level 2.0(1.3) Throwing
 + Level 9.1(8.3) Armour
 + Level 7.8(7.1) Dodging
 - Level 1.0(0.3) Stealth


You had 9 spell levels left.
You didn't know any spells.

Dungeon Overview and Level Annotations

Branches:
Dungeon (8/15)             Temple (0/1) D:6
   Lair: D:8-11

Altars:
Dithmenos
Fedhas
Hepliaklqana
Nemelex Xobeh
Okawaru
Trog
The Shining One

Shops:
D:5 }


Innate Abilities, Weirdness & Mutations

You reflexively headbutt those who attack you in melee.
You have a pair of horns on your head.
Your life essence is reduced to manifest your ancestor. (-10% HP)


Message History

You are very lightly contaminated with residual magic.
As you read the scroll labeled VYIPEDDENKY, it crumbles to dust.
It was a scroll of blinking.
You are feeling hungry.
Found a glowing scarf.
Your surroundings suddenly seem different.
The wolf spider hisses angrily.
The wolf spider hits you.
The wolf spider bites you but does no damage.
Found four items.
You see here a scroll of amnesia.
As you read the scroll labeled CAOTHYWNEJOEF, it crumbles to dust.
You hear a loud clanging noise!
It was a scroll of noise.
You hear a croak.
You hear a shout!
The wolf spider barely misses you. You furiously retaliate!
You headbutt the wolf spider.
You riposte.
You hit the wolf spider.
The wolf spider is lightly wounded.
The wolf spider bites you.
You die...

#.####.#########........##
#.####)####≈≈≈≈≈≈≈;..##.#
#...)..).≈≈≈≈≈≈≈≈≈≈≈..#.#
##.####)#≈≈≈≈######≈≈≈...##
#.#.###<≈≈≈8##...,##≈≈≈...#*
.###.##≈≈≈.##....,,##≈≈.a..#
##*##.≈≈≈.8#..####,.#≈≈....#
.,,,,.≈≈<[.+..#s$#..#≈≈....#* ###
..*,..≈≈>...,,#!@...#;≈.#...###..
......≈≈≈.8#,,####..#≈≈..........
###....≈≈≈.#*,,,,..##≈≈.#.....!..
# ##.#..≈≈≈8**,,,,**≈≈≈.#....##.#
# *..>.#≈≈≈≈******≈≈≈*,,,,,,**,*
*,*,,**≈≈≈≈≈≈≈≈≈≈≈**,**,,,,*,*
****,*,,**,,≈≈≈≈≈≈≈≈***,***,,,,,,
,,,,,*,,*,,,*,****,,***,***,,,,,*
****,*,,*,*,,,,,,,,,,,,,,,,,,,,,*


You could see a wolf spider and an electric eel.

Vanquished Creatures
  Pikel (D:7)
  Grinder (D:3)
  3 yaks (D:6)
  Menkaure (D:7)
  A water moccasin (D:7)
  An ice beast (D:4)
  An orc warrior (D:8)
  A hornet zombie (D:7)
  A slave (D:7)
  A black bear (D:6)
  3 sky beasts
  3 ogres
  3 centaurs
  A big kobold (Sewer)
  A water moccasin zombie (D:5)
  A wyvern skeleton (D:7)
  3 killer bees
  3 howler monkeys
  2 crimson imps
  A centaur zombie (D:7)
  3 orc priests
  3 hounds
  Crazy Yiuf (D:5)
  A gnoll shaman (D:3)
  5 orc wizards
  2 centaur skeletons
  Jessica (D:2)
  2 iguanas
  4 worker ants
  An ancestor (D:7)
  A howler monkey zombie (D:7)
  A worker ant zombie (D:5)
  A howler monkey skeleton (D:8)
  6 gnolls
  7 adders
  2 river rats (Sewer)
  An adder skeleton (D:8)
  An adder zombie (D:5)
  3 worms
  2 dart slugs (D:1)
  3 leopard geckos
  12 orcs
  5 giant cockroaches
  3 goblins
  9 hobgoblins
  11 jackals
  13 kobolds
  3 quokkas
  A ball python (D:2)
  9 bats
  6 frilled lizards
  2 quokka skeletons (D:5)
  11 rats
  A bush (D:5)
170 creatures vanquished.

Vanquished Creatures (collateral kills)
  2 ogres (D:7)
  A slave (D:6)
  2 orc wizards (D:7)
  A gnoll (D:7)
  A leopard gecko (D:7)
  2 orcs
9 creatures vanquished.

Vanquished Creatures (others)
  An orc wizard (D:8)
  A worker ant (D:7)
  A hound skeleton (D:7)
  7 ancestors
  An orc (D:8)
11 creatures vanquished.

Grand Total: 190 creatures vanquished

Notes
Turn   | Place    | Note
-------+----------+-------------------------------------------
     0 | D:1      | Miyamura the Minotaur Wanderer began the quest for the Orb.
     0 | D:1      | Miyamura set off with: a +2 falchion, a +0 ring mail, a potion of lignification, a ration
     0 | D:1      | Reached XP level 1. HP: 18/18 MP: 0/0
   193 | D:1      | Reached XP level 2. HP: 13/25 MP: 1/1
   465 | D:1      | Reached skill level 1 in Dodging
   813 | D:1      | Reached XP level 3. HP: 26/31 MP: 2/2
  1140 | D:2      | Found a bloodstained altar of Trog.
  1312 | D:2      | Found a bloodstained altar of Trog.
  1339 | D:2      | Noticed Jessica
  1347 | D:2      | Killed Jessica
  1347 | D:2      | Reached XP level 4. HP: 26/38 MP: 3/3
  2062 | D:3      | Reached XP level 5. HP: 39/46 MP: 4/4
  2331 | D:3      | Found a glowing drain.
  2343 | Sewer    | Entered a sewer
  2594 | Sewer    | Reached XP level 6. HP: 32/53 MP: 5/5
  2819 | Sewer    | Found a white marble altar of Elyvilon.
  3059 | D:3      | Noticed Grinder
  3061 | D:3      | Paralysed by Grinder for 7 turns
  3079 | D:3      | Paralysed by Grinder for 5 turns
  3084 | D:3      | Killed Grinder
  3084 | D:3      | Reached skill level 5 in Armour
  3309 | D:4      | Reached XP level 7. HP: 56/60 MP: 6/6
  3412 | D:4      | Reached skill level 5 in Fighting
  3519 | D:4      | Reached skill level 5 in Long Blades
  4395 | D:5      | Entered Level 5 of the Dungeon
  4618 | D:5      | Found a shadowy altar of Dithmenos.
  4920 | D:5      | Reached XP level 8. HP: 70/70 MP: 7/7
  4981 | D:5      | Reached skill level 5 in Dodging
  5113 | D:5      | Found Pilenur's Gadget Shoppe.
  5908 | D:5      | Found a runed door.
  6023 | D:5      | Noticed Crazy Yiuf
  6027 | D:5      | Killed Crazy Yiuf
  6399 | D:6      | Found a hazy altar of Hepliaklqana.
  6534 | D:6      | Found a blossoming altar of Fedhas.
  6666 | D:6      | Found a staircase to the Ecumenical Temple.
  6736 | D:6      | Found a glowing golden altar of the Shining One.
  6846 | D:6      | Became a worshipper of Hepliaklqana the Forgotten
  7119 | D:7      | Noticed Pikel
  7212 | D:7      | Noticed Menkaure
  7296 | D:6      | Reached XP level 9. HP: 53/71 MP: 8/8
  7857 | D:7      | Killed Menkaure
  8659 | D:7      | Killed Pikel
  8771 | D:7      | Found an iron altar of Okawaru.
  8786 | D:7      | Found a sparkling altar of Nemelex Xobeh.
  9395 | D:8      | Reached XP level 10. HP: 57/81 MP: 9/9
  9848 | D:8      | Noticed a wolf spider
  9958 | D:8      | HP: 4/81 [centaur/arrow (7)]
  9965 | D:8      | HP: 3/81 [wolf spider (2)]
  9966 | D:8      | Slain by a wolf spider

Skill      XL: |  1  2  3  4  5  6  7  8  9 10 |
---------------+-------------------------------+-----
Dodging        | 1 2 3 4 6 7 |  7.8
Long Blades    | 3 4 6 7 9 |  9.1
Armour         | 3 4 5 6 7 9 |  9.1
Fighting       | 3 4 6 7 8 9 |  9.0
Axes           | |  1.2
Throwing       | |  2.0
Stealth        | |  1.0

Action                   |  1- 3 |  4- 6 |  7- 9 | 10-12 || total
-------------------------+-------+-------+-------+-------++-------
Melee: Falchion          |    80 |   111 |   442 |    43 ||   676
       Headbutt          |     8 |    17 |    99 |     7 ||   131
Invok: Ancestor Identity |       |       |     1 |       ||     1
Evoke: Wand              |       |       |       |     3 ||     3
  Use: Potion            |       |     5 |     5 |     4 ||    14
       Scroll            |       |       |       |    13 ||    13
 Stab: Distracted        |       |       |     1 |       ||     1
  Eat: Chunk             |     1 |     6 |    20 |     2 ||    29
Armor: Ring mail         |    28 |    36 |       |       ||    64
       Skin              |       |     8 |       |       ||     8
       Chain mail        |       |       |   245 |    21 ||   266
Dodge: Dodged            |    39 |    68 |   202 |    23 ||   332
       Rpst.: Falchion   |    11 |    28 |    54 |     6 ||    99
